 Dungeon Crawl Stone Soup version 0.26-a0-118-g49ad78631c (webtiles) character file.

Game seed: 10812192518842243483

9 Restia the Skirmisher (level 2, 24/24 HPs)
             Began as a Demonspawn Monk on June 28, 2020.
             Quit the game on level 1 of the Dungeon.
             The game lasted 00:00:23 (215 turns).

Restia the Skirmisher (Demonspawn Monk)              Turns: 215, Time: 00:00:23

Health: 24/24      AC:  2    Str: 11    XL:     2   Next: 3%
Magic:  2/2        EV: 13    Int: 11    God:
Gold:   14         SH:  0    Dex: 15    Spells: 1/1 levels left

rFire    . . .     SeeInvis .   a - +0 short sword
rCold    . . .     Faith    .   (no shield)
rNeg     . . .     Spirit   .   b - +0 robe
rPois    .         Reflect  .   (helmet restricted)
rElec    .         Harm     .   (no cloak)
rCorr    .                      (no gloves)
MR       .....                  (no boots)
Stlth    ++........             (no amulet)
HPRegen  0.08/turn              (no ring)
MPRegen  0.08/turn              (no ring)

@: no status effects
A: antennae 1
a: no special abilities


You were on level 1 of the Dungeon.
You were not hungry.

You visited 1 branch of the dungeon, and saw 1 of its levels.

You collected 14 gold pieces.

Inventory:

Hand Weapons
 a - a +0 short sword (weapon)
Armour
 b - a +0 robe (worn)
Scrolls
 d - a scroll of fog {unknown}
Potions
 e - a potion of degeneration {unknown}
 g - a potion of resistance {unknown}
Comestibles
 c - a ration
 f - 6 chunks of flesh


   Skills:
 - Level 3.0 Fighting
 * Level 3.0 Short Blades
 + Level 2.8 Dodging
 + Level 2.0 Stealth


You had one spell level left.
You didn't know any spells.
Your spell library was empty.

Dungeon Overview and Level Annotations

Branches:
Dungeon (1/15)

Altars:


Innate Abilities, Weirdness & Mutations

You have a pair of small antennae on your head.


Message History

The giant cockroach is too close now for your liking.
A kobold comes into view.
The giant cockroach barely misses you.
The giant cockroach bites you but does no damage.
You hit the giant cockroach but do no damage.
The giant cockroach bites you but does no damage.
You completely miss the giant cockroach.
The giant cockroach bites you but does no damage.
You hit the giant cockroach but do no damage.
The giant cockroach bites you but does no damage.
You hit the giant cockroach but do no damage.
The giant cockroach misses you.
You hit the giant cockroach.
You kill the giant cockroach!
You have reached level 2!
Your demonic ancestry asserts itself...
A pair of antennae grows on your head!
The kobold shouts!
The kobold throws a stone.
The stone barely misses you.
Are you sure you want to abandon this character and quit the game? (Confirm with "yes".)

#.... #.... .# #...K
#.# ##....# #.#
....... #.# .......
#.#
......†###########.#
.......@.....÷.....#
.......(....#####..#
.....(.###)##
###..##### ....##.
#.# #......... ...
.. #.# #.#..##... ..
... #.# #.#....... #
... #.# # #.###...
#... #.. ........
### .##.####.


You could see a kobold.

Vanquished Creatures
  A bat (D:1)
  A giant cockroach (D:1)
  3 goblins (D:1)
  A hobgoblin (D:1)
  A ball python (D:1)
7 creatures vanquished.

Notes
Turn   | Place    | Note
-------+----------+-------------------------------------------
     0 | D:1      | Restia the Demonspawn Monk began the quest for the Orb.
     0 | D:1      | Reached XP level 1. HP: 18/18 MP: 1/1
   214 | D:1      | Gained mutation: You have a pair of small antennae on your
                  | head. [demonic ancestry]
   214 | D:1      | Reached XP level 2. HP: 24/24 MP: 2/2
   215 | D:1      | Quit the game

Illustrated notes

Levels and vault maps discovered:
D:1:      lightli_arrival_boilingwater, layout_loops_ring, minmay_misc_feat_chi

Skill      XL: |  1 |
---------------+----+-----
Short Blades   | 3 |  3.0
Stealth        | 2 |  2.0
Fighting       | |  3.0
Dodging        | |  2.8

Action                   || total
-------------------------++-------
Melee: Short sword       ||    20
 Stab: Sleeping          ||     1
Armor: Robe              ||     7
Dodge: Dodged            ||    15

Table legend:
 A = Non-vault XP
 B = Vault XP
 C = Vault XP percentage of total XP
 D = Non-vault monster count
 E = Vault monster count
 F = Vault count percentage of total count
                 A         B        C        D         E       F
            +---------+---------+-------+---------+---------+-------
      Total |      13 |       0 |   0.0 |       7 |       0 |   0.0
            +---------+---------+-------+---------+---------+-------
        D:1 |      13 |       0 |   0.0 |       7 |       0 |   0.0
            +---------+---------+-------+---------+---------+-------
